AoeStats
← Scurvy Enjoyer

MegaRandom

505364554Analyzed
2v2 RM · 21d ago on Sep 9, 2026· 64m 2s· 4 players
Game mode
Random Map
Map size
Medium (4 player)
Population
200
Speed
Normal
Resources
Standard
Victory
Conquest
Starting age
Dark Age
Ending age
Imperial Age
RankedLock teamsTeams togetherTeam positionsShared explorationLock speedFull tech treeHidden civsTurbo modeCheats
Victory
Defeat
🇺🇸 Teutons · United States
993
+18
🇺🇸 Ethiopians · United States
993
+18
🇰🇬 Mongols · Kyrgyzstan
1064
-18
🇺🇸 Franks · United States
1027
-18
Spaceman Spiff
2:56 Loom
10:12 Feudal Age
17:52 Castle Age
16:15 Double-Bit Axe
17:10 Scale Mail Armor
17:20 Scale Barding Armor
18:09 Forging
18:03 Pikeman
21:53 Wheelbarrow
21:57 Husbandry
23:57 Gold Mining
24:40 Squires
26:06 Scale Mail Armor
26:28 Chain Barding Armor
27:07 Bow Saw
28:00 Town Watch
30:16 Iron Casting
30:41 Stone Mining
33:06 #83
35:26 Arson
35:27 Gambesons
39:49 Imperial Age
37:39 Chain Mail Armor
37:15 Fletching
37:36 Light Cavalry
38:29 Padded Archer Armor
39:17 Ballistics
40:09 Cavalier
42:28 Blast Furnace
41:45 Capped Ram
42:42 Halberdier
44:01 Hand Cart
46:09 Bodkin Arrow
49:19 Plate Mail Armor
50:07 Gold Shaft Mining
52:35 Plate Barding Armor
Bubble Kg !
9:56 Feudal Age
12:52 Loom
14:09 Double-Bit Axe
16:29 Castle Age
14:17 Horse Collar
20:57 Wheelbarrow
22:10 Fletching
22:41 Gold Mining
24:14 Bodkin Arrow
26:25 Forging
26:22 Scale Barding Armor
28:26 Bloodlines
28:17 Husbandry
29:58 Ballistics
31:42 Hand Cart
36:53 Imperial Age
35:21 Padded Archer Armor
36:39 Bow Saw
38:37 Parthian Tactics
38:45 Thumb Ring
39:03 Conscription
39:10 Town Watch
41:30 Pikeman
42:11 Squires
41:58 Heavy Cavalry Archer
42:44 Bracer
44:02 Chain Barding Armor
44:17 Iron Casting
45:22 Heavy Camel Rider
45:26 Elite Steppe Lancer
46:18 Heavy Plow
46:04 Light Cavalry
47:44 Drill
47:30 Onager
52:22 Elite Mangudai
Hupee
5:34 Loom
9:17 Feudal Age
9:46 Double-Bit Axe
10:57 Horse Collar
17:15 Forging
21:35 Castle Age
20:21 Bloodlines
20:27 Scale Barding Armor
22:43 Wheelbarrow
22:42 Chain Barding Armor
22:41 Town Watch
27:55 Hand Cart
30:22 Bow Saw
30:14 Heavy Plow
36:11 Imperial Age
35:21 Town Patrol
36:59 Iron Casting
36:15 Fletching
38:40 Two-Man Saw
38:12 Sanctity
38:07 Fervor
37:59 Devotion
37:25 Cavalier
38:48 Plate Barding Armor
47:15 Caravan
48:34 Crenellations
48:10 Paladin
49:26 Conscription
49:46 Siege Engineers
49:52 Masonry
Scurvy Enjoyer
8:09 Loom
10:16 Feudal Age
11:27 Double-Bit Axe
15:28 Horse Collar
17:27 Wheelbarrow
17:40 Fletching
22:43 Castle Age
24:01 Bow Saw
24:07 Crossbowman
29:45 Thumb Ring
44:00 Bodkin Arrow
44:06 Padded Archer Armor
46:33 Gold Mining
49:58 Leather Archer Armor
53:05 Imperial Age
55:25 Arbalester
Connection lost

Rejoining the realm…

Still unreachable

The connection could not be restored.

Session expired

The server has moved on; the page needs a fresh start.